 Dungeon Crawl Stone Soup version 0.20-a0-1020-g7b9e4fe (webtiles) character file.

271 Ishamael the Chopper (level 6, 40/47 HPs)
             Began as a Demonspawn Fighter on Apr 18, 2017.
             Quit the game on level 4 of the Dungeon.
             The game lasted 00:04:07 (2957 turns).

Ishamael the Chopper (Demonspawn Fighter)           Turns: 2957, Time: 00:04:08

Health: 40/47      AC:  9    Str: 17    XL:     6   Next: 2%
Magic:  6/6        EV:  4    Int: 11    God:
Gold:   257        SH: 12    Dex: 12    Spells: 5/5 levels left

rFire    . . .     SeeInvis .   x - +2 trident (venom)
rCold    + . .     Gourm    .   c - +0 shield
rNeg     . . .     Faith    .   s - +0 chain mail
rPois    .         Spirit   .   (no helmet)
rElec    .         Reflect  .   (no cloak)
rCorr    .         Harm     .   (no gloves)
MR       .....                  (no boots)
Stlth    ..........             (no amulet)
Regen    0.2/turn               w - ring of wizardry
MPRegen  0.1/turn               (no ring)

@: no status effects
A: large bone plates 1, cold resistance 1, demonic guardian 1
a: no special abilities


You were on level 4 of the Dungeon.
You were not hungry.

You visited 1 branch of the dungeon, and saw 4 of its levels.

You collected 257 gold pieces.

Inventory:

Hand Weapons
 a - a +1 war axe
 x - a +2 trident of venom (weapon)
Armour
 c - a +0 shield (worn)
 s - a +0 chain mail (worn)
Jewellery
 w - a ring of wizardry (left hand)
Wands
 n - a wand of paralysis (9/24)
Scrolls
 b - a scroll of amnesia {unknown}
 e - a scroll of identify
 g - a scroll of blinking {unknown}
 j - 2 scrolls of remove curse
 k - 2 scrolls of teleportation {unknown}
 l - a scroll of random uselessness {unknown}
 m - 2 scrolls of enchant weapon
 o - a scroll of fog {unknown}
 r - a scroll of recharging {unknown}
 t - a scroll of noise {unknown}
Potions
 d - a potion of might
 i - 2 potions of cancellation
 q - a potion of curing
 u - a potion of ambrosia
 z - 3 potions of brilliance
Comestibles
 f - 3 bread rations
 h - 3 meat rations
 p - 4 fruits
 v - a chunk of flesh


   Skills:
 - Level 3.2 Fighting
 + Level 5.5 Axes
 - Level 2.8 Armour
 - Level 0.1 Dodging
 - Level 2.8 Shields


You had 5 spell levels left.
You didn't know any spells.

Dungeon Overview and Level Annotations

Branches:
Dungeon (4/15)
 Temple: D:4-7

Altars:
Ashenzari
Zin


Innate Abilities, Weirdness & Mutations

You are partially covered in large bone plates. (SH +4)
Your flesh is cold resistant. (rC+)
A weak demonic guardian rushes to your aid.


Message History

Aim: a phantom (almost destroyed)
You reach to attack!
You closely miss the phantom.
The phantom is almost destroyed.
Some of the chunks of flesh in your inventory have rotted away.
You hit the phantom but do no damage.
The phantom is almost destroyed.
The phantom blinks!
You see here 24 stones.
Attack whom?
Press: ? - help, Dir - move target cursor, f/p - phantom
Aim: a phantom (almost destroyed)
You reach to attack!
You puncture the phantom!
You destroy the phantom!
Your Axes skill increases to level 5!
You have reached level 6!
Your experience leads to an increase in your attributes!
Increase (S)trength, (I)ntelligence, or (D)exterity?
You feel clever.
Your demonic ancestry asserts itself...
You feel the presence of a demonic guardian.
Are you sure you want to abandon this character and quit the game? (Confirm with "yes".)

## ###.........#
#..............#
#.####.........#
###.######.......#
.......(.....#.###
##.....#####.##
#.........[...#
###$.....#####<.#
#...@....#####..#
#...............#
#.......####.##.#
##..[$.## #...#.#
#...... ...#....
......####. .#...
.......# ## #####
##..#.###


There were no monsters in sight!

Vanquished Creatures
  A phantom (D:4)
  A hound (D:4)
  2 worker ants
  4 adders
  2 worms (D:2)
  A dart slug (D:3)
  A leopard gecko (D:3)
  5 orcs
  2 giant cockroaches (D:1)
  5 hobgoblins
  2 jackals (D:1)
  5 kobolds
  A quokka (D:2)
  5 bats
  4 frilled lizards
  3 goblins
  9 rats
53 creatures vanquished.

Notes
Turn   | Place    | Note
-------+----------+-------------------------------------------
     0 | D:1      | Ishamael the Demonspawn Fighter began the quest for the Orb.
     0 | D:1      | Reached XP level 1. HP: 18/18 MP: 1/1
   308 | D:1      | Gained mutation: You are partially covered in large bone plates. (SH +4) [demonic ancestry]
   308 | D:1      | Reached XP level 2. HP: 24/24 MP: 2/2
   370 | D:1      | Reached skill level 2 in Axes
   822 | D:2      | Found a shattered altar of Ashenzari.
   880 | D:2      | Reached XP level 3. HP: 19/29 MP: 3/3
  1283 | D:2      | Reached skill level 3 in Axes
  1568 | D:2      | Found a glowing silver altar of Zin.
  1684 | D:2      | Reached XP level 4. HP: 26/35 MP: 4/4
  1928 | D:3      | Found a faded altar of an unknown god.
  2478 | D:3      | Reached skill level 4 in Axes
  2609 | D:4      | Noticed an ogre
  2616 | D:4      | Noticed a phantom
  2729 | D:4      | Gained mutation: Your flesh is cold resistant. (rC+) [demonic ancestry]
  2729 | D:4      | Reached XP level 5. HP: 40/41 MP: 5/5
  2956 | D:4      | Killed a phantom
  2956 | D:4      | Reached skill level 5 in Axes
  2956 | D:4      | Gained mutation: A weak demonic guardian rushes to your aid. [demonic ancestry]
  2956 | D:4      | Reached XP level 6. HP: 40/47 MP: 6/6
  2957 | D:4      | Quit the game

Vault maps used:
D:1:      saegor_arrival_simple_d, solitary_fountain
D:2:      evilmike_ruin_ashenzari, zin_scriptorium
D:3:      cheibrodos_old_hovel, chequers_ecumenical_altar_island
D:4:      marbit_many_paths, uniq_natasha, uniq_edmund

Skill      XL: |  1  2  3  4  5 |
---------------+----------------+-----
Axes           | 2 3 4 5 |  5.5
Fighting       | |  3.2
Armour         | |  2.8
Dodging        | |  0.1
Shields        | |  2.8

Action                   |  1- 3 |  4- 6 || total
-------------------------+-------+-------++-------
Melee: War axe           |   114 |   110 ||   224
       Trident           |       |    38 ||    38
  Use: Scroll            |       |     7 ||     7
  Eat: Chunk             |     2 |     5 ||     7
Armor: Scale mail        |    43 |       ||    43
       Chain mail        |     2 |    68 ||    70
Dodge: Dodged            |    16 |    17 ||    33
Block: Shield            |    71 |    95 ||   166
